PIO (24 & UNDER)
JASPER COUGARS @ CHULA VISTA TACOS
06/19/2025
 
TOP OF THE 1ST
Jasper Cougars batting - Pitching for Chula Vista Tacos : RHP Roberto Carrillo
Pitching: RHP Roberto Carrillo
Batting: LHB Armando Torres 0-0: Ball
1-0: Ball
2-0: Foul Ball, location: 2F
2-1: Foul Ball, location: 2F
2-2: Strikes out swinging
Batting: LHB António Camacho 0-0: Ball
1-0: Ball
2-0: Ball
3-0: Base on Balls
Batting: SHB Ron Edwards 0-0: Foul Ball, location: 2F
0-1: Swinging Strike
0-2: Foul Ball, location: 2F
0-2: Foul Ball, location: 2F
0-2: SINGLE (Groundball, 4MD)
António Camacho to second
Batting: LHB John Stone 0-0: Foul Ball, location: 2F
0-1: Ball
1-1: Swinging Strike
1-2: Ball
2-2: Strikes out swinging
Batting: RHB David Hernández 0-0: Called Strike
0-1: Called Strike
0-2: Ball
1-2: Foul Ball, location: 2F
1-2: Strikes out looking
Top of the 1st over - 0 run(s), 1 hit(s), 0 error(s), 2 left on base; Jasper 0 - Chula Vista 0
BOTTOM OF THE 1ST
Chula Vista Tacos batting - Pitching for Jasper Cougars : RHP José Orozco
Pitching: RHP José Orozco
Batting: LHB Joe Baker 0-0: Ball
1-0: Ball
2-0: Ground out 1-3 (Groundball, 25)
Batting: RHB John Nelson 0-0: Ball
1-0: Called Strike
1-1: Called Strike
1-2: Fly out, F9 (Flyball, 9LM)
Batting: LHB Ray Bryant 0-0: Foul Ball, location: 2F
0-1: Ball
1-1: Fly out, F7 (Line Drive, 7M)
Bottom of the 1st over - 0 run(s), 0 hit(s), 0 error(s), 0 left on base; Jasper 0 - Chula Vista 0
TOP OF THE 2ND
Jasper Cougars batting - Pitching for Chula Vista Tacos : RHP Roberto Carrillo
Batting: LHB Jon Scott 0-0: Called Strike
0-1: Ball
1-1: Foul Ball, location: 2F
1-2: Foul Ball, location: 2F
1-2: Strikes out looking
Batting: RHB José Ortega 0-0: Called Strike
0-1: Ball
1-1: SINGLE (Groundball, 4M)
Batting: RHB Fernando Gálvez 0-0: Called Strike
0-1: Ball
1-1: Swinging Strike
1-2: Strikes out looking
Batting: RHB Joe Baker 0-0: Ball
1-0: Fielders Choice at 2nd, U6 (Groundball, 6M)
Top of the 2nd over - 0 run(s), 1 hit(s), 0 error(s), 1 left on base; Jasper 0 - Chula Vista 0
BOTTOM OF THE 2ND
Chula Vista Tacos batting - Pitching for Jasper Cougars : RHP José Orozco
Batting: SHB Chris Woods 0-0: Ball
1-0: Ball
2-0: Ball
3-0: Base on Balls
Batting: SHB Michael Aisher 0-0: Ball
1-0: Foul Ball, location: 2F
1-1: Ball
2-1: SINGLE (Groundball, 34D)
Chris Woods to second
Runner from 2nd tries for 3rd, SAFE, throw made to third
Batting: LHB Dennis Lovett 0-0: Ball
1-0: Ball
2-0: Called Strike
2-1: Ball
3-1: DOUBLE (Groundball, 3L)
Chris Woods scores
Michael Aisher to third
Batting: LHB Gonzalo Benítez 0-0: Ground out U3 (Groundball, 3S)
Batting: LHB Michael Myers 0-0: Ground out U3 (Groundball, 3S)
Batting: RHB Michael White 0-0: Ball
1-0: Swinging Strike
1-1: Swinging Strike
1-2: Foul Ball, location: 2F
1-2: Strikes out looking
Bottom of the 2nd over - 1 run(s), 2 hit(s), 0 error(s), 2 left on base; Jasper 0 - Chula Vista 1
TOP OF THE 3RD
Jasper Cougars batting - Pitching for Chula Vista Tacos : RHP Roberto Carrillo
Batting: LHB Armando Torres 0-0: SINGLE (Groundball, 34D)
Batting: LHB António Camacho 0-0: Ball
1-0: SINGLE (Line Drive, 56D)
Armando Torres to second
Batting: SHB Ron Edwards 0-0: Foul Ball, location: 2F
0-1: Foul Ball, location: 2F
0-2: Ball
1-2: Strikes out looking
Batting: LHB John Stone 0-0: Called Strike
0-1: Foul Ball, location: 2F
0-2: Ball
1-2: Strikes out looking
Batting: RHB David Hernández 0-0: Ball
1-0: Ball
2-0: SINGLE (Line Drive, 89S)
Armando Torres to third
António Camacho to second
Batting: LHB Jon Scott 0-0: Foul Ball, location: 2F
0-1: Ball
1-1: Ground out U3 (Groundball, 3S)
Top of the 3rd over - 0 run(s), 3 hit(s), 0 error(s), 3 left on base; Jasper 0 - Chula Vista 1
BOTTOM OF THE 3RD
Chula Vista Tacos batting - Pitching for Jasper Cougars : RHP José Orozco
Batting: LHB Joe Baker 0-0: Ball
1-0: Foul Ball, location: 2F
1-1: Ball
2-1: Foul Ball, location: 2F
2-2: Strikes out swinging
Batting: RHB John Nelson 0-0: SINGLE (Groundball, 4M)
Batting: LHB Ray Bryant 0-0: Ball
1-0: Foul Ball, location: 2F
1-1: Grounds into double play, 3-6-3 (Groundball, 3)
Bottom of the 3rd over - 0 run(s), 1 hit(s), 0 error(s), 0 left on base; Jasper 0 - Chula Vista 1
TOP OF THE 4TH
Jasper Cougars batting - Pitching for Chula Vista Tacos : RHP Roberto Carrillo
Batting: RHB José Ortega 0-0: Ball
1-0: Ball
2-0: Ground out 5-3 (Groundball, 5)
Batting: RHB Fernando Gálvez 0-0: Ball
1-0: Ball
2-0: Ball
3-0: Called Strike
3-1: Base on Balls
Batting: RHB Joe Baker 0-0: DOUBLE (Groundball, 5L)
Fernando Gálvez to third
Batting: LHB Armando Torres 0-0: Called Strike
0-1: Ball
1-1: Foul Ball, location: 2F
1-2: Foul Ball, location: 2F
1-2: Foul Ball, location: 2F
1-2: Foul Ball, location: 2F
1-2: Foul Ball, location: 2F
1-2: Foul Ball, location: 2F
1-2: SINGLE (Groundball, 6MD)
Fernando Gálvez scores
Joe Baker to third
Runner from 3rd tries for Home, SAFE, throw made home
Armando Torres to second
Batting: LHB António Camacho 0-0: Ball
1-0: Ball
2-0: Called Strike
2-1: Foul Ball, location: 2F
2-2: Ball
3-2: Base on Balls
Batting: SHB Ron Edwards 0-0: DOUBLE (Flyball, 78XD)
Armando Torres scores
António Camacho to third
Runner from 3rd tries for Home, throw and OUT!
Batting: LHB John Stone 0-0: SINGLE (Flyball, 78S)
Ron Edwards to third
Runner from 3rd tries for Home, SAFE, no throw or cutoff
Batting: RHB David Hernández 0-0: Ball
John Stone steals 2nd base
1-0: Swinging Strike
1-1: Swinging Strike
1-2: Ball
2-2: Ball
3-2: Foul Ball, location: 2F
3-2: Foul Ball, location: 2F
3-2: Foul Ball, location: 2F
3-2: Foul Ball, location: 2F
3-2: Strikes out swinging
Top of the 4th over - 4 run(s), 4 hit(s), 0 error(s), 1 left on base; Jasper 4 - Chula Vista 1
BOTTOM OF THE 4TH
Chula Vista Tacos batting - Pitching for Jasper Cougars : RHP José Orozco
Batting: SHB Chris Woods 0-0: Ball
1-0: Foul Ball, location: 2F
1-1: Foul Ball, location: 2F
1-2: Ball
2-2: Fly out, F6 (Popup, 8LS)
Batting: SHB Michael Aisher 0-0: Fly out, F8 (Flyball, 8RM)
Batting: LHB Dennis Lovett 0-0: Ball
1-0: Called Strike
1-1: Swinging Strike
1-2: Ball
2-2: Foul Ball, location: 2F
2-2: Ground out U3 (Groundball, 3)
Bottom of the 4th over - 0 run(s), 0 hit(s), 0 error(s), 0 left on base; Jasper 4 - Chula Vista 1
TOP OF THE 5TH
Jasper Cougars batting - Pitching for Chula Vista Tacos : RHP Roberto Carrillo
Pitching: RHP Juan Salinas
Batting: LHB Jon Scott 0-0: Called Strike
0-1: SINGLE (Line Drive, 6D)
Batting: RHB José Ortega 0-0: Called Strike
0-1: Foul Ball, location: 2F
0-2: Ball
1-2: Ball
2-2: Foul Ball, location: 2F
2-2: Foul Ball, location: 2F
2-2: Strikes out looking
Batting: RHB Fernando Gálvez 0-0: Called Strike
0-1: Ball
1-1: Ball
2-1: Called Strike
2-2: Foul Ball, location: 2F
2-2: Foul Ball, location: 2F
2-2: Ball
3-2: Strikes out swinging
Jon Scott is caught stealing 2nd base
Batter strikes out.
Top of the 5th over - 0 run(s), 1 hit(s), 0 error(s), 0 left on base; Jasper 4 - Chula Vista 1
BOTTOM OF THE 5TH
Chula Vista Tacos batting - Pitching for Jasper Cougars : RHP José Orozco
Batting: LHB Gonzalo Benítez 0-0: Ball
1-0: Swinging Strike
1-1: Called Strike
1-2: Foul Ball, location: 2F
1-2: Ball
2-2: Ball
3-2: Base on Balls
Batting: LHB Michael Myers 0-0: Called Strike
0-1: Ball
1-1: Ball
2-1: Fly out, F5 (Line Drive, 5)
Batting: RHB Michael White 0-0: Called Strike
Gonzalo Benítez steals 2nd base
0-1: Called Strike
0-2: Foul Ball, location: 2F
0-2: Foul Ball, location: 2F
0-2: Ball
1-2: Ball
2-2: Ball
3-2: Strikes out looking
Batting: LHB Joe Baker 0-0: Ground out 4-3 (Groundball, 34)
Bottom of the 5th over - 0 run(s), 0 hit(s), 0 error(s), 1 left on base; Jasper 4 - Chula Vista 1
TOP OF THE 6TH
Jasper Cougars batting - Pitching for Chula Vista Tacos : RHP Juan Salinas
Batting: RHB Joe Baker 0-0: Ball
1-0: Ball
2-0: Ball
3-0: Called Strike
3-1: Base on Balls
Batting: LHB Armando Torres 0-0: Called Strike
0-1: Ball
1-1: Ball
Wild Pitch!
Joe Baker to second
2-1: Intentional Walk
Batting: LHB António Camacho 0-0: Ball
1-0: Called Strike
1-1: Grounds into double play, 4-6-3 (Groundball, 4)
Joe Baker to third
Batting: SHB Ron Edwards 0-0: Called Strike
0-1: Swinging Strike
0-2: Ball
1-2: Ball
2-2: Ball
3-2: SINGLE (Groundball, 4MD)
Joe Baker scores
Batting: LHB John Stone 0-0: Ball
1-0: Ball
Ron Edwards is caught stealing 2nd base
Top of the 6th over - 1 run(s), 1 hit(s), 0 error(s), 0 left on base; Jasper 5 - Chula Vista 1
BOTTOM OF THE 6TH
Chula Vista Tacos batting - Pitching for Jasper Cougars : RHP José Orozco
Batting: RHB John Nelson 0-0: Foul Ball, location: 2F
0-1: Ball
1-1: Foul Ball, location: 2F
1-2: Ground out 5-3 (Groundball, 56)
Batting: LHB Ray Bryant 0-0: Called Strike
0-1: Fly out, F8 (Flyball, 8RM)
Batting: SHB Chris Woods 0-0: Ball
1-0: Foul Ball, location: 2F
1-1: Ball
2-1: Ball
3-1: Base on Balls
Pitching: RHP Bennett Greer
Batting: SHB Michael Aisher 0-0: Fielders Choice at 2nd, 6-4 (Groundball, 6)
Bottom of the 6th over - 0 run(s), 0 hit(s), 0 error(s), 0 left on base; Jasper 5 - Chula Vista 1
TOP OF THE 7TH
Jasper Cougars batting - Pitching for Chula Vista Tacos : RHP Juan Salinas
Pitching: LHP Jeff Minnich
Batting: LHB John Stone 0-0: Called Strike
0-1: Fly out, F6 (Popup, 56D)
Batting: RHB David Hernández 0-0: Ball
1-0: Called Strike
1-1: Ball
2-1: Ball
3-1: Base on Balls
Batting: LHB Jon Scott 0-0: Called Strike
0-1: Called Strike
0-2: Ball
1-2: Foul Ball, location: 2F
1-2: Ball
2-2: Ball
3-2: Strikes out looking
Batting: RHB José Ortega 0-0: Called Strike
0-1: Ball
Balk!
David Hernández to second
1-1: Ball
2-1: Foul Ball, location: 2F
2-2: Strikes out swinging
Top of the 7th over - 0 run(s), 0 hit(s), 0 error(s), 1 left on base; Jasper 5 - Chula Vista 1
BOTTOM OF THE 7TH
Chula Vista Tacos batting - Pitching for Jasper Cougars : RHP Bennett Greer
Batting: LHB Dennis Lovett 0-0: Ball
1-0: Foul Ball, location: 2F
1-1: Foul Ball, location: 2F
1-2: SINGLE (Line Drive, 9M)
Batting: LHB Gonzalo Benítez 0-0: Called Strike
0-1: Ball
1-1: Swinging Strike
1-2: Foul Ball, location: 2F
1-2: Ball
2-2: Foul Ball, location: 2F
2-2: Foul Ball, location: 2F
2-2: Strikes out swinging
Dennis Lovett steals 2nd base
Batter strikes out.
Batting: LHB Michael Myers 0-0: Ground out 6-3 (Groundball, 6M)
Dennis Lovett to third
Batting: RHB Michael White 0-0: Fly out, F8 (Flyball, 8RS)
Bottom of the 7th over - 0 run(s), 1 hit(s), 0 error(s), 1 left on base; Jasper 5 - Chula Vista 1
TOP OF THE 8TH
Jasper Cougars batting - Pitching for Chula Vista Tacos : LHP Jeff Minnich
Batting: RHB Fernando Gálvez 0-0: SINGLE (Groundball, 34D)
Batting: RHB Joe Baker 0-0: Called Strike
0-1: Ball
1-1: Foul Ball, location: 2F
1-2: Strikes out swinging
Batting: LHB Armando Torres 0-0: Ball
1-0: Swinging Strike
1-1: Called Strike
1-2: Ball
2-2: Fly out, F7 (Flyball, 7S)
Batting: LHB António Camacho 0-0: Called Strike
0-1: Called Strike
0-2: Ball
1-2: Strikes out swinging
Top of the 8th over - 0 run(s), 1 hit(s), 0 error(s), 1 left on base; Jasper 5 - Chula Vista 1
BOTTOM OF THE 8TH
Chula Vista Tacos batting - Pitching for Jasper Cougars : RHP Bennett Greer
Batting: LHB Joe Baker 0-0: Foul Ball, location: 2F
0-1: Ball
1-1: Called Strike
1-2: Foul Ball, location: 2F
1-2: Strikes out swinging
Batting: RHB John Nelson 0-0: Called Strike
0-1: Ball
1-1: Swinging Strike
1-2: Strikes out swinging
Batting: LHB Ray Bryant 0-0: Ball
1-0: Foul Ball, location: 2F
1-1: Swinging Strike
1-2: Ball
2-2: Strikes out swinging
Bottom of the 8th over - 0 run(s), 0 hit(s), 0 error(s), 0 left on base; Jasper 5 - Chula Vista 1
TOP OF THE 9TH
Jasper Cougars batting - Pitching for Chula Vista Tacos : LHP Jeff Minnich
Batting: SHB Ron Edwards 0-0: Ball
1-0: Ball
2-0: Ball
3-0: Called Strike
3-1: Base on Balls
Batting: LHB John Stone 0-0: Ball
1-0: Foul Ball, location: 2F
1-1: Called Strike
1-2: Strikes out swinging
Batting: RHB David Hernández 0-0: Foul Ball, location: 2F
0-1: Ball
1-1: Swinging Strike
1-2: Ball
2-2: Strikes out looking
Batting: LHB Jon Scott 0-0: Ball
1-0: Ball
2-0: Fly out, F8 (Flyball, 8RM)
Top of the 9th over - 0 run(s), 0 hit(s), 0 error(s), 1 left on base; Jasper 5 - Chula Vista 1
BOTTOM OF THE 9TH
Chula Vista Tacos batting - Pitching for Jasper Cougars : RHP Bennett Greer
Batting: SHB Chris Woods 0-0: Called Strike
0-1: Ball
1-1: Ball
2-1: Called Strike
2-2: Ball
3-2: Base on Balls
Batting: SHB Michael Aisher 0-0: Swinging Strike
0-1: Foul Ball, location: 2F
0-2: Ball
1-2: Strikes out swinging
Batting: LHB Dennis Lovett 0-0: Called Strike
0-1: Swinging Strike
0-2: Strikes out looking
Batting: LHB Gonzalo Benítez 0-0: Called Strike
0-1: Fielders Choice at 2nd, U4 (Groundball, 4M)
Bottom of the 9th over - 0 run(s), 0 hit(s), 0 error(s), 1 left on base; Jasper 5 - Chula Vista 1
This league is powered by Out of the Park Baseball, the baseball management simulation game for PC, Mac and Linux
Tuesday, August 2nd, 2016 - OOTP Baseball 16.8 Build 38